 Dungeon Crawl Stone Soup version 0.29.1-15-g9cfb28693d (webtiles) character file.

Game seed: 18338937421803824199

231 cowcol the Chopper (level 5, -6/47 HPs)
             Began as a Minotaur Fighter on Mar 24, 2023.
             Killed from afar by Crazy Yiuf (23 damage)
             ... with a bolt of light
             ... on level 3 of the Dungeon.
             The game lasted 00:05:51 (3289 turns).

cowcol the Chopper (Minotaur Fighter)               Turns: 3289, Time: 00:05:52

Health: -6/47      AC:  8    Str: 20    XL:     5   Next: 72%
Magic:  4/4        EV:  9    Int:  5    God:
Gold:   177        SH:  4    Dex: 12    Spells: 4/4 levels left

rFire   . . .      SeeInvis +   a - +0 war axe
rCold   . . .      Faith    .   c - +0 buckler
rNeg    . . .      Spirit   .   b - +0 scale mail
rPois   .          Reflect  .   (helmet restricted)
rElec   .          Harm     .   t - +0 cloak
rCorr   .          Rampage  .   (no gloves)
Will    .....                   (no boots)
Stlth   ..........              (no amulet)
HPRegen 0.15/turn               u - ring of see invisible
MPRegen 0.09/turn               (no ring)

@: no status effects
A: horns 2, retaliatory headbutt
a: no special abilities


You were on level 3 of the Dungeon.
You visited 1 branch of the dungeon, and saw 3 of its levels.

You collected 177 gold pieces.

Inventory:

Hand Weapons
 a - a +0 war axe (weapon)
Missiles
 f - 9 stones
 p - 5 boomerangs (quivered)
 r - 4 poisoned darts
Armour
 b - a +0 scale mail (worn)
 c - a +0 buckler (worn)
 t - a +0 cloak (worn)
Jewellery
 u - a ring of see invisible (left hand)
 w - a +4 ring of evasion
Wands
 x - a wand of mindburst (9)
Scrolls
 e - a scroll of amnesia {unknown}
 h - a scroll of blinking {unknown}
 j - a scroll of noise {unknown}
 l - 2 scrolls of magic mapping {unknown}
 m - a scroll of identify {unknown}
 n - a scroll of teleportation {unknown}
 q - a scroll of poison {unknown}
 v - a scroll of enchant weapon {unknown}
Potions
 g - 3 potions of mutation {unknown}
 i - 2 potions of berserk rage {unknown}
 k - 2 potions of resistance {unknown}
 o - 2 potions of attraction {unknown}
 s - a potion of magic {unknown}
 z - 3 potions of heal wounds {unknown}
 A - a potion of haste {unknown}


   Skills:
 + Level 4.7 Fighting
 + Level 5.1 Axes
 + Level 1.6 Throwing
 + Level 5.0 Armour
 - Level 3.6 Shields


You had 4 spell levels left.
You didn't know any spells.
Your spell library contained the following spells:

 Spells                   Type           Power      Damage    Failure   Level
 Summon Small Mammal      Summ           0%         N/A       88%         1
 Call Canine Familiar     Summ           0%         N/A       99%         3
 Summon Guardian Golem    Hex/Summ       0%         N/A       99%         3


Dungeon Overview and Level Annotations

Branches:
Dungeon (3/15)

Altars:
Gozag
Hepliaklqana
Makhleb
Yredelemnul

Annotations:
D:3 Crazy Yiuf, Grinder


Innate Abilities, Weirdness & Mutations

You have a pair of horns on your head.
You reflexively headbutt those who attack you in melee.


Message History

Throw: 5 boomerangs
Press: ? - help, Q - select action, (/) - cycle Shift-Dir - straight line, f - frilled lizard
Aim: a frilled lizard (40% to hit)
You throw a boomerang.
The boomerang barely misses the frilled lizard.
Throw: 5 boomerangs
Press: ? - help, Q - select action, (/) - cycle Shift-Dir - straight line, f/p - frilled lizard
Aim: a frilled lizard (40% to hit)
You throw a boomerang.
The boomerang closely misses the frilled lizard.
Throw: 5 boomerangs
Press: ? - help, Q - select action, (/) - cycle Shift-Dir - straight line, f/p - frilled lizard
Aim: a frilled lizard (40% to hit)
You throw a boomerang.
The boomerang barely misses the frilled lizard.
Throw: 5 boomerangs
Press: ? - help, Q - select action, (/) - cycle Shift-Dir - straight line, f/p - frilled lizard
Aim: a frilled lizard (40% to hit)
You throw a boomerang. The boomerang hits the frilled lizard!
You kill the frilled lizard!
Found a hammer.
Found a runed translucent door.
Crazy Yiuf shouts!
Sorry, you're not good enough to have a special ability.
You open the door.
Crazy Yiuf zaps a wand.
The bolt of light misses you.
Crazy Yiuf hits you with a +4 quarterstaff of chaos.
There is an open translucent door here.
You barely miss Crazy Yiuf. Your headbutt misses Crazy Yiuf.
Crazy Yiuf waves his quarterstaff at you.
Crazy Yiuf closely misses you.
You slash Crazy Yiuf!
You headbutt Crazy Yiuf, but do no damage.
Crazy Yiuf is heavily wounded.
Crazy Yiuf hits you with a +4 quarterstaff of chaos!
Crazy Yiuf burns you.
You hit Crazy Yiuf.
Crazy Yiuf is severely wounded.
Crazy Yiuf laughs, "Dawk aubergine stair!"
Crazy Yiuf zaps a wand.
The bolt of light hits you!
Crazy Yiuf zaps a wand.
The bolt of light hits you!!
You die...

######## #.......
♣♣♣♣♣########. ####
♣♣♣.♣...### #.
#...#♣..♣......#####.
#..g@.♣♣♣♣...........
#)..#♣♣ ♣♣..#.####..
#### ♣♣##.# #.. #.#
#.. #.# #.. #.####..
......... ##.######
######### #.#


You could see Crazy Yiuf.

Vanquished Creatures
  Sigmund (D:3)
  2 adders (D:3)
  3 worms
  4 dart slugs
  5 endoplasms
  6 goblins
  3 hobgoblins
  3 jackals (D:3)
  A quokka (D:3)
  2 bats
  11 frilled lizards
  3 kobolds
  4 rats
48 creatures vanquished.

Vanquished Creatures (others)
  6 plants (D:2)
6 creatures vanquished.

Grand Total: 54 creatures vanquished

Notes
Turn   | Place    | Note
-------+----------+-------------------------------------------
     0 | D:1      | cowcol the Minotaur Fighter began the quest for the Orb.
     0 | D:1      | Reached XP level 1. HP: 19/19 MP: 0/0
    27 | D:1      | Found a faded altar of an unknown god.
   357 | D:1      | Reached XP level 2. HP: 25/27 MP: 1/1
  1402 | D:2      | Reached XP level 3. HP: 30/33 MP: 2/2
  2012 | D:3      | Found a basalt altar of Yredelemnul.
  2048 | D:3      | Found a burning altar of Makhleb.
  2127 | D:3      | Noticed Sigmund
  2136 | D:3      | Killed Sigmund
  2137 | D:3      | Reached skill level 1 in Throwing
  2137 | D:3      | Reached skill level 5 in Armour
  2137 | D:3      | Reached XP level 4. HP: 8/41 MP: 3/3
  2137 | D:3      | Reached XP level 5. HP: 9/47 MP: 4/4
  2607 | D:3      | Found a hazy altar of Hepliaklqana.
  2656 | D:3      | Identified the +5 ring mail of Free Will {Str+2}
  2703 | D:3      | Found an opulent altar of Gozag.
  2958 | D:3      | Reached skill level 5 in Axes
  3022 | D:3      | Noticed Grinder
  3281 | D:3      | Found a runed translucent door.
  3282 | D:3      | Noticed Crazy Yiuf
  3289 | D:3      | Killed from afar by Crazy Yiuf

Illustrated notes

Levels and vault maps discovered:
D:1:      minmay_arrival_four_circles, layout_loops_corners,
          basic_ecumenical_altar
D:2:      minmay_alternating_diamond, layout_rooms, minmay_lizard_king
D:3:      layout_loops_ring, nicolae_overflow_hidden_temple,
          lemuel_coloured_pillars_altar, nicolae_overflow_crystal_walls,
          mainiacjoe_overflow_boulevard, uniq_grinder, uniq_crazy_yiuf_cottage,
          uniq_sigmund

Skill      XL: |  1  2  3  4  5 |
---------------+----------------+-----
Fighting       | 4 |  4.7
Armour         | 4 5 |  5.0
Axes           | 3 4 5 |  5.1
Throwing       | 1 |  1.6
Shields        | |  3.6

Action                   |  1- 3 |  4- 6 || total
-------------------------+-------+-------++-------
Melee: War axe           |    59 |    17 ||    76
       Headbutt          |     6 |     2 ||     8
Throw: Boomerang         |    14 |    21 ||    35
  Use: Scroll            |     1 |       ||     1
       Potion            |     1 |       ||     1
Armor: Scale mail        |    25 |     5 ||    30
Dodge: Dodged            |    22 |     7 ||    29
Block: Buckler           |     9 |       ||     9
